 Dungeon Crawl Stone Soup version 0.28.0-47-ge53b351184 (webtiles) character file.

Game seed: 2418123638794972309

1296 Peloso the Covered (level 8, -9/69 HPs)
             Began as a Minotaur Fighter on May 7, 2022.
             Mangled by an ogre
             ... wielding a +0 giant club
              (18 damage)
             ... on level 6 of the Dungeon.
             The game lasted 00:07:15 (5430 turns).

Peloso the Covered (Minotaur Fighter)               Turns: 5430, Time: 00:07:15

Health: -9/69      AC: 24    Str: 21    XL:     8   Next: 31%
Magic:  7/7        EV:  6    Int:  5    God:
Gold:   311        SH:  5    Dex: 14    Spells: 7/7 levels left

rFire   . . .      SeeInvis .   b - +10 dagger of the Saving Hawk {protect, rN+ Dex+2}
rCold   . . .      Faith    .   c - +0 buckler
rNeg    + . .      Spirit   .   n - +0 plate armour
rPois   .          Reflect  .   (helmet restricted)
rElec   .          Harm     .   p - +1 cloak {rCorr}
rCorr   +          Rampage  .   (no gloves)
Will    .....                   j - +0 pair of boots
Stlth   ..........              (no amulet)
HPRegen 0.21/turn               (no ring)
MPRegen 0.10/turn               (no ring)

@: under a protective aura
A: horns 2, retaliatory headbutt
a: no special abilities


You were on level 6 of the Dungeon.
You visited 1 branch of the dungeon, and saw 6 of its levels.

You collected 311 gold pieces.

Inventory:

Hand Weapons
 a - a +0 long sword
 b - the +10 dagger of the Saving Hawk (weapon) {protect, rN+ Dex+2}
   (You found it on level 2 of the Dungeon)

   It grants its wielder temporary protection when it strikes (+7 to AC).
   Dex:       It affects your dexterity (+2).
   rN:        It protects you from negative energy.
Armour
 c - a +0 buckler (worn)
 g - a +0 scale mail
 j - a +0 pair of boots (worn)
 n - a +0 plate armour (worn)
 p - a +1 cloak of preservation (worn)
Wands
 r - a wand of acid (12)
Scrolls
 m - a scroll of teleportation
 o - a scroll of identify
 q - a scroll of immolation {unknown}
 s - a scroll of fog {unknown}
Potions
 d - a potion of might
 e - 2 potions of mutation {unknown}
 f - a potion of brilliance {unknown}
 h - a potion of flight {unknown}
 i - a potion of berserk rage
 k - 4 potions of curing {unknown}
 l - 2 potions of magic {unknown}


   Skills:
 + Level 5.5 Fighting
 + Level 6.0(6.7) Short Blades
 + Level 4.6(6.3) Long Blades
 + Level 7.4 Armour
 + Level 1.8 Dodging
 + Level 0.5 Stealth
 + Level 5.3 Shields


You had 7 spell levels left.
You didn't know any spells.
Your spell library was empty.

Dungeon Overview and Level Annotations

Branches:
Dungeon (6/15)
 Temple: D:4-7

Altars:
Ashenzari
Cheibriados
Hepliaklqana
Makhleb
Nemelex Xobeh
Ru
Xom
Yredelemnul
The Shining One

Shops:
D:4 =*(==


Innate Abilities, Weirdness & Mutations

You have a pair of horns on your head.
You reflexively headbutt those who attack you in melee.


Message History

You block the gnoll's attack. The gnoll barely misses you.
Things that are here:
a +0 whip; a +0 leather armour You hit the gnoll.
Your headbutt misses the gnoll.
The gnoll is heavily wounded.
The gnoll hits you but does no damage. You block the gnoll's attack.
You barely miss the gnoll. You headbutt the gnoll.
The gnoll is severely wounded.
The gnoll hits you but does no damage. You block the gnoll's attack.
You barely miss the gnoll. You headbutt the gnoll.
You kill the gnoll!
The ogre hits you with a +0 giant club!!
The gnoll hits you but does no damage. x2
You see here a +0 spear.
You closely miss the gnoll. The gnoll closely misses you.
The gnoll hits you with a +0 halberd! The ogre hits you but does no damage.
You barely miss the gnoll. Your headbutt misses the gnoll.
The gnoll hits you but does no damage. The gnoll hits you with a +0 club.
You hit the gnoll. You headbutt the gnoll.
The gnoll is moderately wounded.
The ogre hits you but does no damage. The gnoll hits you but does no damage.
Things that are here:
a +0 whip; a +0 leather armour You puncture the gnoll!
You headbutt the gnoll.
You kill the gnoll!
The gnoll hits you but does no damage. The ogre hits you with a +0 giant club!
* * * LOW HITPOINT WARNING * * *
The gnoll completely misses you.
Things that are here:
a +0 club; a +0 spear; a gnoll corpse You puncture the ogre!
Your headbutt misses the ogre.
The ogre is moderately wounded.
The gnoll hits you with a +0 halberd!
* * * LOW HITPOINT WARNING * * *
You hit the ogre.
The ogre is heavily wounded.
The ogre hits you with a +0 giant club!!
You die...

#....### ##### #.......
## #..)# #....... ..
#...# #....... #. #...#
#....... #.
#...####....... #.
#......))).....
..####.###.........##...
......O@)'..........+...
.....#g###...#####.##...
... #. #...# #.##### .
#. ###### ###.#### +.
...# #......## #. #.)
#......##
#.#####.###......##
#................##
..............(.'


You could see an ogre and a gnoll.

Vanquished Creatures
  A water moccasin (D:5)
  2 sky beasts
  2 ogres (D:5)
  2 phantoms (D:6)
  A water moccasin zombie (D:6)
  A jelly (D:5)
  A howler monkey (D:6)
  A hound (D:5)
  Crazy Yiuf (D:5)
  A centaur skeleton (D:5)
  A bullfrog skeleton (D:5)
  A gnoll shaman (D:6)
  2 iguanas (D:4)
  4 orc wizards
  A hound zombie (D:5)
  A howler monkey skeleton (D:6)
  6 gnolls
  4 adders
  2 shadow imps
  A white imp (D:3)
  An adder skeleton (D:4)
  3 dart slugs
  13 orcs
  11 bats
  5 endoplasms
  A giant cockroach (D:4)
  7 hobgoblins
  8 jackals
  3 quokkas
  8 ball pythons
  3 frilled lizards
  6 goblins
  8 kobolds
  7 rats
120 creatures vanquished.

Vanquished Creatures (others)
  3 fungi (D:5)
3 creatures vanquished.

Grand Total: 123 creatures vanquished

Notes
Turn   | Place    | Note
-------+----------+-------------------------------------------
     0 | D:1      | Peloso the Minotaur Fighter began the quest for the Orb.
     0 | D:1      | Reached XP level 1. HP: 19/19 MP: 0/0
   325 | D:1      | Reached XP level 2. HP: 14/27 MP: 1/1
   339 | D:1      | Reached skill level 4 in Armour
   904 | D:1      | Reached XP level 3. HP: 33/33 MP: 2/2
  1143 | D:1      | Found a faded altar of an unknown god.
  1340 | D:2      | Identified the +10 dagger of the Saving Hawk {protect, rN+
                  | Dex+2}
  1415 | D:2      | Found a broken altar of Ashenzari.
  1840 | D:2      | Reached XP level 4. HP: 40/40 MP: 3/3
  2803 | D:3      | Found a sacrificial altar of Ru.
  2958 | D:4      | Reached skill level 1 in Short Blades
  2958 | D:4      | Reached XP level 5. HP: 31/46 MP: 4/4
  3084 | D:4      | Reached skill level 5 in Armour
  3086 | D:4      | Found Vexeataehu's Jewellery Boutique.
  3207 | D:4      | Found Kuodwuc's Weapon Boutique.
  3277 | D:4      | Found Noiroyr's Assorted Antiques.
  3374 | D:4      | Found Hiymn's Jewellery Boutique.
  3491 | D:4      | Found Unoweru's Jewellery Shoppe.
  3529 | D:4      | Reached XP level 6. HP: 53/53 MP: 5/5
  3796 | D:5      | Entered Level 5 of the Dungeon
  3806 | D:5      | Reached skill level 1 in Dodging
  3846 | D:5      | Noticed a sky beast
  3861 | D:5      | Killed a sky beast
  3951 | D:5      | Reached XP level 7. HP: 51/60 MP: 6/6
  3962 | D:5      | Reached skill level 6 in Armour
  4257 | D:5      | Found a sparkling altar of Nemelex Xobeh.
  4343 | D:5      | Reached skill level 5 in Short Blades
  4565 | D:5      | Found a sparkling altar of Nemelex Xobeh.
  4567 | D:5      | Found a snail-covered altar of Cheibriados.
  4567 | D:5      | Found a shimmering altar of Xom.
  4569 | D:5      | Found a basalt altar of Yredelemnul.
  4569 | D:5      | Found a shimmering altar of Xom.
  4569 | D:5      | Found a burning altar of Makhleb.
  4752 | D:5      | Found a runed translucent door.
  4753 | D:5      | Noticed Crazy Yiuf
  4761 | D:5      | Killed Crazy Yiuf
  4762 | D:5      | Reached skill level 5 in Fighting
  4842 | D:6      | Found a hazy altar of Hepliaklqana.
  4880 | D:6      | Reached skill level 5 in Shields
  4880 | D:6      | Reached XP level 8. HP: 59/68 MP: 7/7
  4928 | D:6      | Reached skill level 7 in Armour
  4974 | D:6      | Found a glowing golden altar of the Shining One.
  5430 | D:6      | Mangled by an ogre

Illustrated notes

Levels and vault maps discovered:
D:1:      wander_arrival_desolate, layout_loops_corners,
          shapermc_ecumenical_altar_petra
D:2:      layout_basic, basic_altar, moated_statue,
          chequers_serial_rivers_room_b, minmay_split_cup_large
D:3:      layout_loops_ring, nicolae_ru_path_of_blood
D:4:      layout_basic, serial_shops, nicolae_shop_bloodbath_and_beyond, shop,
          nicolae_shop_temple_entry_statues_fountains,
          nicolae_shop_hallway_plus, nicolae_shop_window_shopping
D:5:      layout_basic, nemelex_spade_bored_becter, doesnt_xom_only_xom,
          uniq_crazy_yiuf_cottage
D:6:      layout_basic, mainiacjoe_overflow_tiny_flanked,
          nicolae_tso_carved_into_rock

Skill      XL: |  1  2  3  4  5  6  7  8 |
---------------+-------------------------+-----
Long Blades    | 3 4 |  4.6
Armour         | 4 5 6 7 |  7.4
Fighting       | 4 5 |  5.5
Shields        | 4 5 |  5.3
Short Blades   | 1 2 3 5 6 |  6.0
Dodging        | 1 |  1.8
Stealth        | |  0.5

Action                   |  1- 3 |  4- 6 |  7- 9 || total
-------------------------+-------+-------+-------++-------
Melee: Long sword        |    87 |       |       ||    87
       Headbutt          |    11 |    17 |    23 ||    51
       Dagger            |    27 |   121 |   109 ||   257
  Use: Scroll            |       |     3 |       ||     3
Armor: Scale mail        |    64 |    32 |       ||    96
       Plate armour      |       |    25 |    51 ||    76
Dodge: Dodged            |    65 |    47 |    21 ||   133
Block: Buckler           |    13 |    28 |    30 ||    71
